 Dungeon Crawl Stone Soup version 0.29-a0-341-g24ffce5b50 (webtiles) character file.

Game seed: 18126391446329931991

18 croobank the Skirmisher (level 2, 0/33 HPs)
             Began as an Ogre Fighter on Apr 20, 2022.
             Slain by an orc
             ... wielding a +0 hand axe
              (6 damage)
             ... on level 2 of the Dungeon.
             The game lasted 00:02:12 (765 turns).

croobank the Skirmisher (Ogre Fighter)               Turns: 765, Time: 00:02:13

Health: 0/33       AC:  3    Str: 19    XL:     2   Next: 66%
Magic:  2/2        EV:  8    Int:  9    God:
Gold:   104        SH:  0    Dex:  8    Spells: 1/1 levels left

rFire   . . .      SeeInvis .   a - +0 war axe
rCold   . . .      Faith    .   c - +1 kite shield
rNeg    . . .      Spirit   .   b - +0 robe
rPois   .          Reflect  .   (helmet restricted)
rElec   .          Harm     .   (no cloak)
rCorr   .          Rampage  .   (gloves unavailable)
Will    .....                   (boots unavailable)
Stlth   +.........              (no amulet)
HPRegen 0.11/turn               g - ring of flight
MPRegen 0.08/turn               (no ring)

@: confused, flying
A: large, unfitting armour, tough skin 1
a: no special abilities


You were on level 2 of the Dungeon.
You visited 1 branch of the dungeon, and saw 2 of its levels.

You collected 104 gold pieces.

Inventory:

Hand Weapons
 a - a +0 war axe (weapon)
 f - a +0 long sword
Missiles
 e - 5 javelins (quivered)
Armour
 b - a +0 robe (worn)
 c - a +1 kite shield (worn)
Jewellery
 g - a ring of flight (left hand)
Scrolls
 i - 2 scrolls of identify {unknown}
 j - a scroll of teleportation {unknown}
 k - a scroll of fear {unknown}
 l - a scroll of immolation {unknown}
 m - a scroll of blinking {unknown}
Potions
 d - a potion of might
 h - a potion of haste {unknown}


   Skills:
 + Level 4.4 Fighting
 + Level 2.2 Axes
 + Level 2.9 Dodging
 + Level 2.9 Shields


You had one spell level left.
You didn't know any spells.
Your spell library contained the following spells:

 Spells                   Type           Power      Damage    Failure   Level
 Magic Dart               Conj           0%         1d3       69%         1
 Call Imp                 Summ           0%         N/A       83%         2
 Corpse Rot               Necr/Air       0%         N/A       83%         2
 Poisonous Vapours        Pois/Air       0%         N/A       83%         2
 Sublimation of Blood     Necr           0%         N/A       83%         2
 Mephitic Cloud           Conj/Pois/Air  0%         N/A       96%         3
 Petrify                  Tmut/Erth      0%         N/A       100%        4
 Irradiate                Conj/Tmut      0%         3d13      100%        5


Dungeon Overview and Level Annotations

Branches:
Dungeon (2/15)

Altars:


Innate Abilities, Weirdness & Mutations

You are too large for most types of armour.
You have tough skin. (AC +1)


Message History

The rat barely misses you.
You closely miss the orc wizard.
The orc wizard is moderately wounded.
You slash the orc!
You kill the orc!
You hit the rat.
You kill the rat!
The orc wizard barely misses you.
You slash the orc wizard!
The orc wizard is almost dead.
You hit the orc but do no damage. You block the orc's attack.
The orc wizard casts a spell at you.
You are confused.
You miss the orc wizard.
The orc wizard is almost dead.
You barely miss the orc. The orc wizard barely misses you.
The orc hits you but does no damage. The orc wizard barely misses you.
The orc hits you with a +0 hand axe. The orc attacks as you move away!
The orc hits you with a +0 hand axe. The orc wizard casts a spell at you.
You resist with significant effort.
You hit the orc wizard but do no damage.
The orc wizard is almost dead.
You completely miss the orc. The orc wizard casts a spell at you.
You are more confused.
The orc hits you with a +0 hand axe.
* * * LOW HITPOINT WARNING * * *
The orc wizard hits you but does no damage.
The orc barely misses you.
You miss the orc wizard.
The orc wizard is almost dead.
You barely miss the orc. The orc hits you with a +0 hand axe.
* * * LOW HITPOINT WARNING * * *
The orc wizard casts a spell.
The orc wizard flickers and vanishes!
Deactivating autopickup; reactivate with Ctrl-A.
You closely miss something. You miss the orc.
The orc hits you with a +0 hand axe.
You die...

# #.#.#.#.# #.
#.#.#<#.######
##.##.#.#.........
...#.#.#.........
....#.#.........
#..#...........
#.)###.........
#{o...........
#@.########...
.........# ...
.######...# ##
#.#.# .....
####.## .. .


You could see an orc.

Vanquished Creatures
  2 orcs (D:2)
  4 jackals (D:1)
  A ball python (D:1)
  A bat (D:1)
  A frilled lizard (D:1)
  3 goblins (D:1)
  4 rats
16 creatures vanquished.

Notes
Turn   | Place    | Note
-------+----------+-------------------------------------------
     0 | D:1      | croobank the Ogre Fighter began the quest for the Orb.
     0 | D:1      | Reached XP level 1. HP: 24/24 MP: 1/1
   317 | D:1      | Reached XP level 2. HP: 27/32 MP: 2/2
   552 | D:1      | Found a faded altar of an unknown god.
   765 | D:2      | Slain by an orc

Illustrated notes

Levels and vault maps discovered:
D:1:      dpeg_arrival_rooms_with_view, layout_basic,
          ebering_ecumenical_altar_abandoned
D:2:      layout_basic

Action                   || total
-------------------------++-------
Melee: War axe           ||    48
  Use: Scroll            ||     1
Armor: Robe              ||    23
Dodge: Dodged            ||    24
Block: Kite shield       ||    25

Table legend: (Time is in decaauts)
 A = Elapsed time spent in this place.
 B = Non-inter-level travel time spent in this place.
 C = Inter-level travel time spent in this place.
 D = Time resting spent in this place.
 E = Time spent auto-exploring this place.
 F = Levels seen in this place.
 G = Mean time per level.
                   A        B        C        D        E       F      G
               +--------+--------+--------+--------+--------+-----+--------+
         Total |    789 |    776 |     13 |      0 |    584 |   2 |  394.5 |
       Dungeon |    789 |    776 |     13 |      0 |    584 |   2 |  394.5 |
               +--------+--------+--------+--------+--------+-----+--------+

Top non-repeatable levels by time:
     D:1: 764 daAuts
     D:2: 25 daAuts
